 Dungeon Crawl Stone Soup version 0.26.1-11-gd32895ea62 (webtiles) character file.

Game seed: 5853741623260545103

15179 Almogavar the Thaumaturge (level 11, -18/85 HPs)
             Began as a Purple Draconian Conjurer on May 14, 2021.
             Was a High Priest of Sif Muna.
             Shot with an arrow by a centaur warrior (20 damage)
             ... on level 11 of the Dungeon.
             The game lasted 01:07:38 (15695 turns).

Almogavar the Thaumaturge (DrCj)                   Turns: 15695, Time: 01:07:38

Health: -18/85     AC: 15    Str: 10    XL:     11   Next: 98%
Magic:  23/28      EV: 16    Int: 24    God:    Sif Muna [*****.]
Gold:   523        SH:  0    Dex: 16    Spells: 26/36 levels left

rFire    . . .     SeeInvis .   u - +4 dagger
rCold    . . .     Faith    .   (no shield)
rNeg     . . .     Spirit   .   (armour unavailable)
rPois    +         Reflect  .   F - +2 hat {Int+3}
rElec    .         Harm     .   I - +2 cloak {rPois}
rCorr    +         Rampage  .   (no gloves)
Will     +....                  q - +2 pair of boots {Fly}
Stlth    +++.......             J - amulet of regeneration
HPRegen  0.64/turn              K - ring of resist corrosion
MPRegen  0.21/turn              b - +6 ring of dexterity

@: flying, slowed, very slow
A: breathe power, unfitting armour, cold-blooded, AC +7
a: Breathe Dispelling Energy, Stop Flying, Renounce Religion, Channel Magic,
Forget Spell, Divine Exegesis


You were on level 11 of the Dungeon.
You worshipped Sif Muna.
Sif Muna was extremely pleased with you.
You visited 2 branches of the dungeon, and saw 13 of its levels.
You also visited: Sewer.

You collected 782 gold pieces.
You spent 259 gold pieces at shops.

Inventory:

Hand Weapons
 u - a +4 dagger (weapon)
 C - a +0 quarterstaff
Armour
 q - a +2 pair of boots of flying (worn)
 y - a +0 buckler
 F - a +2 hat of intelligence (worn)
 I - a +2 cloak of poison resistance (worn)
Jewellery
 b - a +6 ring of dexterity (right hand)
 f - an uncursed ring of ice
 p - an uncursed amulet of guardian spirit
 t - an uncursed ring of ice
 J - an amulet of regeneration (around neck)
 K - a ring of resist corrosion (left hand)
Wands
 j - a wand of digging (8)
 n - a wand of random effects (32)
 E - a wand of flame (20)
 M - a wand of polymorph (12)
Scrolls
 a - 7 scrolls of teleportation
 e - 3 scrolls of amnesia
 i - 7 scrolls of remove curse
 o - 3 scrolls of blinking
 r - 2 scrolls of enchant weapon {unknown}
 x - 3 scrolls of magic mapping {unknown}
 B - a scroll of fog
 D - a scroll of holy word {unknown}
 L - 2 scrolls of random uselessness {unknown}
Potions
 c - 9 potions of curing
 d - a potion of attraction {unknown}
 g - 3 potions of degeneration {unknown}
 h - 5 potions of heal wounds {unknown}
 k - 2 potions of might {unknown}
 l - a potion of ambrosia {unknown}
 m - 2 potions of flight {unknown}
 s - 6 potions of lignification {unknown}
 v - a potion of resistance {unknown}
 w - 2 potions of invisibility
 z - a potion of brilliance {unknown}
 A - a potion of haste {unknown}
 G - a potion of berserk rage {unknown}
Miscellaneous
 H - a box of beasts


   Skills:
 + Level 4.6 Fighting
 + Level 6.4 Dodging
 + Level 5.3 Stealth
 + Level 13.4 Spellcasting
 + Level 12.1 Conjurations
 + Level 1.6 Hexes


You had 26 spell levels left.
You knew the following spells:

 Your Spells              Type           Power        Failure   Level
a - Magic Dart            Conj           100%         1%          1
b - Searing Ray           Conj           100%         1%          2
c - Dazzling Flash        Conj/Hex       98%          1%          3
d - Fulminant Prism       Conj/Hex       24%          2%          4

Your spell library contained the following spells:

 Spells                   Type           Power        Failure   Level
 Corona                   Hex            26%          1%          1
 Slow                     Hex            24%          2%          2
 Animate Skeleton         Necr           32%          3%          1
 Apportation              Tloc           32%          3%          1
 Summon Small Mammal      Summ           64%          3%          1
 Iskenderun's Mystic Bla  Conj/Tloc      45%          3%          4
 Ensorcelled Hibernation  Hex/Ice        40%          4%          2
 Confusing Touch          Hex            24%          5%          3
 Tukima's Dance           Hex            24%          5%          3
 Irradiate                Conj/Tmut      22%          9%          5
 Spider Form              Tmut/Pois      8%           11%         3
 Ice Form                 Ice/Tmut       16%          36%         4
 Invisibility             Hex            24%          96%         6
 Eringya's Noxious Bog    Tmut/Pois      8%           99%         6
 Discord                  Hex            12%          100%        8


Dungeon Overview and Level Annotations

Branches:
Dungeon (12/15)            Temple (1/1) D:5             Orc (0/2) D:9
  Sewer (visited)
   Lair: D:8-11

Altars:
Ashenzari
Cheibriados
Dithmenos
Elyvilon
Fedhas
Kikubaaqudgha
Makhleb
Okawaru
Qazlal
Sif Muna
Uskayaw
Wu Jian
Yredelemnul
Zin

Shops:
D:9 [?([[   D:12 *

Annotations:
D:7 2 transporters, Iskender's ghost, novice FoCK


Innate Abilities, Weirdness & Mutations

You can breathe bolts of dispelling energy.
Your rich purple scales are hard. (AC +7)
You cannot fit into any form of body armour.
You are cold-blooded and may be slowed by cold attacks.


Message History

The arrow hits you.
* * * LOW HITPOINT WARNING * * *
You feel as though you will be slow longer.
The arrow freezes you.
* * * LOW HITPOINT WARNING * * *
You can't go up here!
The centaur warrior shoots an arrow.
The arrow closely misses you.
You can't go up here!
The orc priest mumbles some strange prayers to Beogh against you.
Beogh smites you!
* * * LOW HITPOINT WARNING * * *
The centaur warrior shoots an arrow.
The arrow hits you.
* * * LOW HITPOINT WARNING * * *
The arrow freezes you.
* * * LOW HITPOINT WARNING * * *
There is a stone staircase leading down, spattered with blood here.
You see here 6 arrows.
Okay, then.
The centaur warrior shoots an arrow.
The arrow hits you!!
You die...

#.##..#.# ##+## #.#
#.....#.# #.# #.#
#.##.##.# #.# #.#
.........#####.## #.#
###.........##...##
#.# ..^..####.#.....#
#.......#.##...######
##.. #.......>......
#. ###.##@.###### #.
#.###)# ..# #c# ####
#o##### #o..o.#
#.###oo# #.# #...#
#.# )o...# #.#
......#


You could see a centaur warrior, an orc warrior and an orc priest.

Vanquished Creatures
  A rakshasa (D:10)
  A boulder beetle (D:12)
  Pikel (D:5)
  3 ugly things
  2 manticores
  4 trolls
  Grinder (D:3)
  2 shadows (D:9)
  12 yaks
  Sigmund (D:3)
  A wraith (D:12)
  A wyvern (D:10)
  Edmund (D:4)
  2 wargs (D:11)
  2 water moccasins
  A two-headed ogre zombie (D:9)
  4 black bears
  4 ice beasts
  3 phantoms
  3 sky beasts
  A hornet zombie (D:12)
  7 orc warriors
  A necrophage (D:9)
  5 ogres
  3 centaurs
  2 lemures (D:5)
  7 big kobolds
  7 bullfrogs
  2 scorpions
  4 killer bees
  8 wights
  4 howler monkeys
  4 centaur zombies
  10 orc priests
  7 hounds
  3 jellies
  11 orc wizards
  A centaur skeleton (D:8)
  A bullfrog skeleton (D:7)
  Jessica (D:3)
  4 iguanas
  6 worker ants
  7 ogre zombies (D:9)
  A hound zombie (D:5)
  4 hound skeletons
  Robin (D:4)
  A howler monkey zombie (D:8)
  4 gnolls (D:9)
  12 adders
  A river rat (D:6)
  A shadow imp (D:10)
  4 white imps
  An ooze (D:2)
  A worm (D:4)
  2 dart slugs
  9 leopard geckos
  39 orcs
  7 bats
  9 giant cockroaches
  6 hobgoblins
  13 jackals
  20 kobolds
  3 quokkas
  A ball python (D:6)
  4 frilled lizards
  16 goblins
  A goblin skeleton (D:9)
  4 goblin zombies (D:9)
  2 hobgoblin skeletons (D:9)
  3 hobgoblin zombies (D:9)
  2 orc skeletons (D:9)
  13 orc zombies (D:9)
  A quokka skeleton (D:6)
  21 rats
363 creatures vanquished.

Vanquished Creatures (others)
  A fulminant prism (D:10)
  2 plants
3 creatures vanquished.

Grand Total: 366 creatures vanquished

Notes
Turn   | Place    | Note
-------+----------+-------------------------------------------
     0 | D:1      | Almogavar the Draconian Conjurer began the quest for the
                  | Orb.
     0 | D:1      | Reached XP level 1. HP: 14/14 MP: 3/3
   306 | D:1      | Reached XP level 2. HP: 20/20 MP: 0/5
   405 | D:1      | Learned a level 2 spell: Searing Ray
  1214 | D:2      | Reached XP level 3. HP: 26/26 MP: 4/6
  1347 | D:2      | Reached skill level 5 in Conjurations
  1561 | D:2      | Reached XP level 4. HP: 33/33 MP: 1/7
  1623 | D:2      | Found an ancient bone altar of Kikubaaqudgha.
  1625 | D:2      | Noticed a big kobold
  1627 | D:2      | Noticed an ice beast
  2043 | D:2      | You fall into a shaft and drop 1 floor!
  2178 | D:3      | Reached XP level 5. HP: 30/38 MP: 0/9
  2355 | D:3      | Noticed Sigmund
  2363 | D:3      | Killed Sigmund
  2364 | D:3      | Reached skill level 3 in Spellcasting
  2364 | D:3      | Reached XP level 6. HP: 35/46 MP: 4/11
  2375 | D:3      | Noticed Jessica
  2491 | D:2      | Found a transporter.
  2499 | D:2      | Found a transporter.
  2686 | D:3      | Killed Jessica
  2744 | D:3      | Found an ornate altar of the Wu Jian Council.
  2760 | D:3      | Found a broken altar of Ashenzari.
  2847 | D:3      | Noticed Grinder
  2855 | D:3      | Killed Grinder
  2856 | D:3      | Reached skill level 4 in Spellcasting
  2856 | D:3      | Your scales start taking on a rich purple colour.
  2856 | D:3      | Reached skill level 5 in Spellcasting
  2856 | D:3      | Reached XP level 7. HP: 28/51 MP: 0/15
  3169 | D:4      | Learned a level 3 spell: Dazzling Flash
  3285 | D:4      | Noticed Edmund
  3299 | D:4      | Killed Edmund
  3300 | D:4      | Reached skill level 1 in Fighting
  3581 | D:4      | Reached skill level 6 in Spellcasting
  3863 | D:4      | Noticed Robin
  3865 | D:4      | Killed Robin
  4423 | D:5      | Entered Level 5 of the Dungeon
  4434 | D:5      | Found a staircase to the Ecumenical Temple.
  4644 | D:5      | Reached XP level 8. HP: 59/59 MP: 9/17
  4911 | D:5      | Noticed Pikel
  4919 | D:5      | Killed Pikel
  4920 | D:5      | Reached skill level 7 in Spellcasting
  5197 | D:5      | Reached skill level 8 in Spellcasting
  5344 | Temple   | Entered the Ecumenical Temple
  5385 | Temple   | Became a worshipper of Sif Muna the Loreminder
  5637 | D:6      | Reached XP level 9. HP: 60/67 MP: 11/21
  5886 | D:6      | Reached skill level 9 in Spellcasting
  6172 | D:6      | Found a glowing drain.
  6182 | Sewer    | Entered a sewer
  6271 | Sewer    | Reached * piety under Sif Muna
  8018 | D:7      | Reached ** piety under Sif Muna
  8084 | D:7      | Reached skill level 10 in Spellcasting
  8524 | D:7      | Noticed a moth of wrath
  8530 | D:7      | Identified a scroll of acquirement
  8616 | D:7      | Found a transporter.
  8621 | D:7      | Noticed Iskender's ghost (novice FoCK)
  8637 | D:7      | Found a transporter.
  8845 | D:7      | Acquired a +1 hat of intelligence
  8895 | D:8      | Reached XP level 10. HP: 69/74 MP: 17/24
  9953 | D:9      | Reached skill level 10 in Conjurations
 10084 | D:9      | Found Ralu's Magic Scroll Shoppe.
 10093 | D:9      | Found Ajecs's Antique Armour Emporium.
 10133 | D:9      | Found Cumususy's Antique Weapon Emporium.
 10301 | D:9      | Found Ynenlaas's Antique Armour Shop.
 10458 | D:9      | Reached skill level 11 in Spellcasting
 10660 | D:9      | Reached *** piety under Sif Muna
 10791 | D:9      | Found a staircase to the Orcish Mines.
 11329 | D:9      | Found Byamn's Armour Shop.
 11583 | D:9      | Bought a +2 cloak of poison resistance for 259 gold pieces
 11599 | D:9      | Learned a level 4 spell: Fulminant Prism
 11626 | D:9      | Found a burning altar of Makhleb.
 11763 | D:9      | Reached skill level 5 in Stealth
 11996 | D:10     | Entered Level 10 of the Dungeon
 12069 | D:9      | Reached skill level 5 in Dodging
 12125 | D:10     | Reached **** piety under Sif Muna
 12329 | D:10     | Reached skill level 12 in Spellcasting
 12654 | D:10     | Reached XP level 11. HP: 82/82 MP: 15/27
 12947 | D:10     | Noticed a rakshasa
 13090 | D:10     | Killed a rakshasa
 13865 | D:10     | Reached skill level 1 in Hexes
 14507 | D:11     | Noticed a purple ugly thing
 14519 | D:11     | Killed a purple ugly thing
 14638 | D:11     | Reached ***** piety under Sif Muna
 14641 | D:11     | Noticed a centaur warrior
 14872 | D:12     | Noticed a cyan ugly thing
 14881 | D:12     | Killed a cyan ugly thing
 14882 | D:12     | Reached skill level 13 in Spellcasting
 15087 | D:12     | Noticed a boulder beetle
 15112 | D:12     | Killed a boulder beetle
 15330 | D:12     | Identified Sif Muna's Compendium of Mutagenic Hexes (Sif
                  | Muna gifted it to you on level 12 of the Dungeon)
 15330 | D:12     | Received a gift from Sif Muna
 15406 | D:12     | Found Zooplure's Changing Room.
 15498 | D:12     | Noticed a purple ugly thing
 15511 | D:12     | Killed a purple ugly thing
 15694 | D:11     | HP: 2/85 [centaur warrior/arrow (3)]
 15695 | D:11     | Shot with an arrow by a centaur warrior

Illustrated notes

Levels and vault maps discovered:
D:1:      sevenhm_arrival_forest_fort_small_6, layout_loops_ring
D:2:      layout_rooms, gammafunk_temple_overflow_arena, kennysheep_path_1,
          minmay_pentomino_o4
D:3:      layout_rooms, overflow_temple_1_default, nzn_wu_jian_contemplation,
          uniq_jessica, uniq_sigmund, uniq_grinder
D:4:      layout_basic, uniq_robin, uniq_edmund
D:5:      layout_basic, minmay_temple_entry_arrows, chequers_mini_garden,
          hangedman_abyss_or_decor_stagger, minmay_crossroads, uniq_pikel
D:6:      layout_basic, portal_sewer_entry_e, chequers_serial_rivers_large_b
D:7:      layout_basic, gammafunk_ghost_berserking_beasts
D:8:      layout_loops_corners
D:9:      layout_cave_pools, makhleb_blood_cavern_becter, zombieorc2_lemuel,
          serial_shops, nicolae_shop_overgrown_old_shop, shop, shop, shop,
          nicolae_shop_stone
D:10:     layout_irregular_city
D:11:     layout_loops_corners, erik_lair_orcish_takeover,
          nicolae_gozag_zags_fifth_avenue
D:12:     layout_roguey, nrook_mini_vaults, nicolae_transmutations_shop
Temple:   eino_narrow_crystal_temple

Skill      XL: |  1  2  3  4  5  6  7  8  9 10 11 |
---------------+----------------------------------+-----
Dodging        | 2 3 4 5 6 |  6.4
Conjurations   | 5 6 7 8 9 10 12 | 12.1
Stealth        | 2 3 4 5 |  5.3
Spellcasting   | 3 5 6 8 10 12 13 | 13.4
Fighting       | 1 2 3 4 |  4.6
Hexes          | 1 |  1.6

Action                   |  1- 3 |  4- 6 |  7- 9 | 10-12 || total
-------------------------+-------+-------+-------+-------++-------
Melee: Unarmed           |     2 |       |       |       ||     2
       Dagger            |       |     6 |     2 |     7 ||    15
       Tailslap          |       |       |       |     3 ||     3
 Cast: Magic Dart        |    51 |    39 |   115 |   215 ||   420
       Searing Ray       |     8 |    15 |    76 |   150 ||   249
       Dazzling Flash    |       |       |     2 |       ||     2
       Fulminant Prism   |       |       |       |     1 ||     1
 Abil: Breathe Dispellin |       |       |       |     7 ||     7
  Use: Scroll            |     4 |       |     9 |     3 ||    16
Armor: Skin              |     9 |     7 |    32 |    87 ||   135
Dodge: Dodged            |    10 |     7 |    67 |   129 ||   213
